 Dungeon Crawl Stone Soup version 0.27.1-36-g1b1ada6b1e (webtiles) character file.

Game seed: 10309870079828098728

8743 Froggeryz the Impaler (level 11, -3/83 HPs)
             Began as a Merfolk Gladiator on Jan 24, 2023.
             Was an Elder of Okawaru.
             Slain by a tengu warrior (7 damage)
             ... on level 8 of the Dungeon.
             The game lasted 00:18:17 (12935 turns).

Froggeryz the Impaler (Merfolk Gladiator)          Turns: 12935, Time: 00:18:18

Health: -3/83      AC: 10    Str: 21    XL:     11   Next: 35%
Magic:  11/16      EV: 23    Int:  9    God:    Okawaru [****..]
Gold:   628        SH:  0    Dex: 19    Spells: 10/10 levels left

rFire    . . .     SeeInvis .   E - +2 spear (venom)
rCold    . . .     Faith    .   (no shield)
rNeg     . . .     Spirit   .   B - +0 steam dragon scales
rPois    .         Reflect  .   r - +2 hat
rElec    .         Harm     .   s - +0 cloak
rCorr    .         Rampage  .   c - +0 pair of gloves
Will     .....                  (no boots)
Stlth    ++++......             (no amulet)
HPRegen  0.23/turn              G - +4 ring of evasion
MPRegen  0.15/turn              D - +6 ring of strength

@: finesse-ful, studying Polearms
A: (nimble swimmer 2), mertail, thin skeletal structure 1
a: Renounce Religion, Heroism


You were on level 8 of the Dungeon.
You worshipped Okawaru.
Okawaru was greatly pleased with you.
You visited 2 branches of the dungeon, and saw 10 of its levels.
You also visited: Ossuary.

You collected 628 gold pieces.

Inventory:

Hand Weapons
 a - a +1 trident
 x - a +0 halberd
 E - a +2 spear of venom (weapon)
Missiles
 d - a throwing net
 g - 14 poisoned darts
 F - 7 boomerangs
 K - 3 atropa-tipped darts (quivered)
Armour
 c - a +0 pair of gloves (worn)
 r - a +2 hat (worn)
 s - a +0 cloak (worn)
 A - a +0 scale mail of cold resistance
 B - +0 steam dragon scales (worn)
Jewellery
 y - a ring of resist corrosion
 D - a +6 ring of strength (right hand)
 G - a +4 ring of evasion (left hand)
 J - a ring of protection from cold
Wands
 b - a wand of iceblast (5)
 f - a wand of acid (2)
 q - a wand of flame (18)
Scrolls
 e - 3 scrolls of immolation {unknown}
 l - 2 scrolls of teleportation
 n - a scroll of magic mapping
 w - a scroll of fog
 z - 2 scrolls of enchant armour {unknown}
 C - a scroll of amnesia {unknown}
 I - a scroll of enchant weapon
Potions
 h - 3 potions of flight
 i - 3 potions of magic {unknown}
 j - 3 potions of curing {unknown}
 k - 2 potions of invisibility
 m - 2 potions of lignification
 o - a potion of brilliance
 p - 3 potions of might {unknown}
 t - a potion of mutation
 v - 2 potions of haste {unknown}
 H - a potion of berserk rage {unknown}


   Skills:
 + Level 6.5 Fighting
 - Level 18.0 Polearms
 - Level 2.0 Throwing
 - Level 5.4 Armour
 - Level 11.1 Dodging
 - Level 3.2 Stealth
 * Level 6.7 Invocations


You had 10 spell levels left.
You didn't know any spells.
Your spell library contained the following spells:

 Spells                   Type           Power      Damage    Failure   Level
 Summon Guardian Golem    Hex/Summ       0%         N/A       77%         3
 Leda's Liquefaction      Hex/Erth       0%         N/A       99%         4
 Bolt of Magma            Conj/Fire/Erth 0%         4d4       100%        5
 Statue Form              Tmut/Erth      0%         N/A       100%        6
 Malign Gateway           Summ/Tloc      0%         N/A       100%        7
 Orb of Destruction       Conj           0%         N/A       100%        7
 Spellforged Servitor     Conj/Summ      0%         N/A       100%        7
 Summon Horrible Things   Summ           0%         N/A       100%        8


Dungeon Overview and Level Annotations

Branches:
Dungeon (9/15)             Temple (1/1) D:6             Orc (0/2) D:9
Ossuary (visited)
   Lair: D:8-11

Altars:
Ashenzari
Cheibriados
Dithmenos
Elyvilon
Fedhas
Gozag
Hepliaklqana
Kikubaaqudgha
Makhleb
Nemelex Xobeh
Okawaru
Qazlal
Ru
Sif Muna
Trog
Uskayaw
Vehumet
Wu Jian
Xom
Yredelemnul
Zin
The Shining One
Beogh

Shops:
D:9 :


Innate Abilities, Weirdness & Mutations

((You are quick and stealthy near water. (Stealth+, EV+, Speed+++)))
Your lower body shifts to a powerful aquatic tail in water.
You have a somewhat thin skeletal structure. (Dex +2, Stealth+)


Message History

The tengu warrior hits you but does no damage.
The tengu warrior closely misses you. The tengu warrior claws you.
* * * LOW HITPOINT WARNING * * *
You barely miss the tengu warrior.
The tengu warrior is moderately wounded.
You closely miss the tengu warrior.
The tengu warrior is moderately wounded.
You hit the tengu warrior but do no damage.
The tengu warrior looks as sick as possible!
The tengu warrior is moderately wounded.
The tengu warrior blocks your attack.
The tengu warrior is moderately wounded.
The tengu warrior misses you.
The tengu warrior completely misses you.
The tengu warrior misses you.
You hit the tengu warrior.
The tengu warrior is heavily wounded.
The tengu warrior blocks your attack.
The tengu warrior is heavily wounded.
You barely miss the tengu warrior.
The tengu warrior is heavily wounded.
You hit the tengu warrior.
The tengu warrior is heavily wounded.
The tengu warrior hits you with a +0 long sword.
* * * LOW HITPOINT WARNING * * *
The tengu warrior pecks you.
* * * LOW HITPOINT WARNING * * *
The tengu warrior claws you but does no damage.
You puncture the tengu warrior!
The tengu warrior looks as sick as possible!
The tengu warrior is heavily wounded.
You hit the tengu warrior.
The tengu warrior is severely wounded.
You hit the tengu warrior but do no damage.
The tengu warrior looks as sick as possible!
The tengu warrior is severely wounded.
You miss the tengu warrior.
The tengu warrior is severely wounded.
The tengu warrior hits you with a +0 long sword!
You die...

#### ##... ##.... ##
#..... ##8###_##
#.....
###8...8...8##.....
####Q........###....
#.#@.........8#.....
#.##.........##.....
#.##8...8.? ##.....
#.# ##8###_ ##....
#.# ############...
#.# ##.....#.....###
#.###.............##
#....<.............#
####..........<.....


You could see a tengu warrior (extremely poisoned).

Vanquished Creatures
  Gastronok (D:8)
  Harold (D:7)
  A centaur warrior (D:9)
  Pikel (D:4)
  A manticore (D:9)
  Maggie (D:7)
  2 hornets
  Prince Ribbit (D:6)
  5 yaks
  A wyvern (D:7)
  A wraith (D:9)
  Edmund (D:5)
  4 orc warriors
  An ice beast (D:5)
  2 necrophages
  An ogre (D:4)
  2 centaurs (D:6)
  4 lemures
  A kobold brigand (D:6)
  5 scorpions
  3 wights (D:7)
  An electric eel (D:6)
  A howler monkey (D:7)
  A crimson imp (D:4)
  A centaur zombie (D:7)
  6 hounds
  Crazy Yiuf (D:3)
  A gnoll shaman (D:8)
  7 orc priests
  3 bullfrog skeletons
  2 centaur skeletons
  2 jellies
  8 orc wizards
  An iguana (D:7)
  A killer bee zombie (D:7)
  A howler monkey zombie (D:8)
  13 mummies (Ossuary)
  8 gnolls
  12 adders
  A white imp (D:7)
  A worm (D:3)
  2 dart slugs
  28 orcs
  7 ball pythons
  2 bat zombies (D:3)
  12 endoplasms
  2 giant cockroaches
  5 goblins
  7 hobgoblins
  4 jackals
  A quokka (D:1)
  3 bats
  13 frilled lizards
  A gnoll skeleton (Ossuary)
  3 goblin skeletons (Ossuary)
  A goblin zombie (D:4)
  13 kobolds
  4 kobold skeletons
  4 orc skeletons
  An orc zombie (D:4)
  5 rats
  11 rat skeletons (Ossuary)
  3 rat zombies (D:3)
244 creatures vanquished.

Vanquished Creatures (others)
  7 plants (D:2)
7 creatures vanquished.

Grand Total: 251 creatures vanquished

Notes
Turn   | Place    | Note
-------+----------+-------------------------------------------
     0 | D:1      | Froggeryz the Merfolk Gladiator began the quest for the
                  | Orb.
     0 | D:1      | Reached XP level 1. HP: 16/16 MP: 1/1
   191 | D:1      | Reached XP level 2. HP: 23/23 MP: 2/2
   417 | D:1      | Reached skill level 5 in Polearms
   417 | D:1      | Reached skill level 1 in Stealth
   675 | D:1      | Found a faded altar of an unknown god.
   905 | D:2      | Reached XP level 3. HP: 25/28 MP: 3/3
  1268 | D:1      | Reached XP level 4. HP: 17/34 MP: 4/4
  1697 | D:2      | Reached skill level 6 in Polearms
  2378 | D:2      | Reached XP level 5. HP: 41/41 MP: 5/5
  3333 | D:3      | Found an ancient bone altar of Kikubaaqudgha.
  3436 | D:3      | Reached skill level 7 in Polearms
  3944 | D:3      | Found a runed translucent door.
  3945 | D:3      | Noticed Crazy Yiuf
  4081 | D:3      | Killed Crazy Yiuf
  4082 | D:3      | Reached XP level 6. HP: 31/48 MP: 6/6
  4299 | D:4      | Noticed a yak
  4299 | D:4      | Noticed a yak
  4299 | D:4      | Noticed a yak
  4300 | D:4      | Noticed a yak
  4376 | D:4      | Found a glowing golden altar of the Shining One.
  4406 | D:4      | Reached skill level 8 in Polearms
  4425 | D:4      | Noticed Pikel
  4443 | D:4      | Identified a scroll of acquirement
  4443 | D:4      | Acquired a manual of Polearms
  4449 | D:4      | Gained mutation: Your body sometimes deteriorates upon
                  | taking damage. [potion of mutation]
  4449 | D:4      | Gained mutation: You are partially covered in iridescent
                  | scales. (AC +2) [potion of mutation]
  4449 | D:4      | Lost mutation: You are partially covered in iridescent
                  | scales. (AC +2) [potion of mutation]
  4449 | D:4      | Gained mutation: You have a pair of small horns on your
                  | head. [potion of mutation]
  4496 | D:4      | Lost mutation: You have a pair of small horns on your head.
                  | [potion of mutation]
  4496 | D:4      | Lost mutation: Your body sometimes deteriorates upon taking
                  | damage. [potion of mutation]
  4496 | D:4      | Gained mutation: You are agile. (Dex +2) [potion of
                  | mutation]
  4496 | D:4      | Lost mutation: You are agile. (Dex +2) [potion of mutation]
  4496 | D:4      | Gained mutation: You have a somewhat thin skeletal
                  | structure. (Dex +2, Stealth+) [potion of mutation]
  4612 | D:4      | Found a sand-covered staircase.
  4619 | Ossuary  | Entered an ossuary
  4723 | Ossuary  | Reached skill level 1 in Armour
  4876 | Ossuary  | Reached XP level 7. HP: 36/55 MP: 7/7
  5449 | Ossuary  | Reached skill level 5 in Dodging
  5666 | D:4      | Noticed a yak
  6203 | D:4      | Reached skill level 9 in Polearms
  6248 | D:4      | Killed Pikel
  6249 | D:4      | Reached skill level 10 in Polearms
  6249 | D:4      | Reached XP level 8. HP: 22/61 MP: 8/8
  6500 | D:4      | Killed a yak
  6501 | D:4      | Reached skill level 11 in Polearms
  6509 | D:4      | Killed a yak
  6544 | D:4      | Killed a yak
  6545 | D:4      | Reached skill level 12 in Polearms
  6624 | D:3      | Killed a yak
  6625 | D:3      | Reached skill level 10 in Dodging
  6625 | D:3      | Reached XP level 9. HP: 25/66 MP: 9/9
  6963 | D:5      | Entered Level 5 of the Dungeon
  7162 | D:5      | Found a shimmering blue altar of Sif Muna.
  7208 | D:5      | Reached skill level 13 in Polearms
  7261 | D:5      | Noticed Edmund
  7286 | D:5      | Killed Edmund
  7767 | D:5      | Found a glowing silver altar of Zin.
  7940 | D:6      | Found a staircase to the Ecumenical Temple.
  7949 | Temple   | Entered the Ecumenical Temple
  8221 | Temple   | Became a worshipper of Warmaster Okawaru
  8361 | D:6      | Found a stormy altar of Qazlal.
  8431 | D:6      | Reached skill level 14 in Polearms
  8872 | D:6      | Noticed Prince Ribbit
  8889 | D:6      | Killed Prince Ribbit
  8889 | D:6      | Reached * piety under Okawaru
  8890 | D:6      | Reached skill level 15 in Polearms
  9493 | D:7      | Reached XP level 10. HP: 68/73 MP: 10/10
  9668 | D:7      | Reached skill level 16 in Polearms
  9723 | D:7      | Noticed Harold
  9736 | D:7      | Killed Harold
  9736 | D:7      | Reached ** piety under Okawaru
  9876 | D:7      | Noticed Maggie
  9893 | D:7      | Killed Maggie
  9894 | D:7      | Reached skill level 17 in Polearms
 10404 | D:8      | Reached skill level 5 in Armour
 10525 | D:8      | Reached *** piety under Okawaru
 10899 | D:8      | Found a burning altar of Makhleb.
 10988 | D:8      | Found a white marble altar of Elyvilon.
 10997 | D:8      | Noticed Gastronok
 11136 | D:7      | Reached skill level 18 in Polearms
 11476 | D:8      | Killed Gastronok
 11476 | D:8      | Reached **** piety under Okawaru
 11477 | D:8      | Reached skill level 5 in Fighting
 11477 | D:8      | Reached skill level 5 in Invocations
 11477 | D:8      | Reached XP level 11. HP: 33/81 MP: 10/14
 11893 | D:9      | Found Coullori's Book Shoppe.
 12142 | D:9      | Found a staircase to the Orcish Mines.
 12674 | D:9      | Noticed a manticore
 12690 | D:9      | Killed a manticore
 12816 | D:9      | Noticed a cyclops
 12816 | D:9      | Noticed a centaur warrior
 12889 | D:9      | Noticed a tengu warrior
 12904 | D:9      | Killed a centaur warrior
 12904 | D:9      | Reached ***** piety under Okawaru
 12920 | D:8      | Found a blossoming altar of Fedhas.
 12931 | D:8      | HP: 4/83 [tengu warrior (2)]
 12935 | D:8      | Slain by a tengu warrior

Illustrated notes

Levels and vault maps discovered:
D:1:      giann_bridges, layout_basic, dilly_ecumenical_altar_fadedgnrine
D:2:      layout_loops_ring, grunt_ministairs_4, nrook_mini_vaults, minivault_5,
          minmay_lizard_king
D:3:      layout_loops_ring, lemuel_zombie_altar_kikubaaqudgha,
          uniq_crazy_yiuf_cottage
D:4:      layout_basic, nicolae_tso_besieged_by_evil,
          chequers_ossuary_entry_cave, uniq_pikel
D:5:      layout_basic, mainiacjoe_overflow_boulevard, amcnicky_altar_gilded,
          chequers_serial_rivers_room_a, uniq_edmund
D:6:      layout_loops_ring, overflow_temple_1_default,
          minmay_temple_entry_slanted, minivault_14, uniq_prince_ribbit1
D:7:      layout_basic, minmay_misc_feat_more_columns, uniq_maggie, uniq_harold
D:8:      layout_rooms, elyvilon_altar_4, nicolae_overflow_hidden_temple,
          kennysheep_small_spiral, uniq_gastronok
D:9:      minmay_bloctagon, layout_layer_cave, minmay_orc_entry_temple_small,
          serial_shops, nicolae_shop_waterfront, kennysheep_generic_room_3
Temple:   minmay_temple_curvy_branch

Skill      XL: |  1  2  3  4  5  6  7  8  9 10 11 |
---------------+----------------------------------+-----
Polearms       | 5 6 7 8 10 12 15 18 | 18.0
Stealth        | 1 2 3 |  3.2
Fighting       | 3 4 5 6 |  6.5
Armour         | 1 3 5 |  5.4
Dodging        | 8 10 11 | 11.1
Invocations    | 5 6 |  6.7
Throwing       | |  2.0

Action                   |  1- 3 |  4- 6 |  7- 9 | 10-12 || total
-------------------------+-------+-------+-------+-------++-------
Melee: Trident           |    83 |   293 |   447 |    98 ||   921
       Spear             |       |       |       |   241 ||   241
Throw: Throwing net      |       |     2 |     1 |     2 ||     5
       Dart              |       |       |    21 |    10 ||    31
Invok: Finesse           |       |       |       |     1 ||     1
Evoke: Wand              |       |       |     1 |     4 ||     5
  Use: Potion            |     1 |     4 |     1 |     1 ||     7
       Scroll            |       |     6 |     5 |     1 ||    12
 Stab: Sleeping          |     4 |    19 |    16 |     5 ||    44
       Distracted        |       |       |     3 |       ||     3
       Held in net/web   |       |       |       |     5 ||     5
Armor: Leather armour    |    13 |    64 |    38 |       ||   115
       Skin              |     9 |     5 |       |       ||    14
       Scale mail        |       |       |    28 |    11 ||    39
       Steam dragon scal |       |       |       |    28 ||    28
Dodge: Dodged            |    25 |   187 |   189 |   127 ||   528
